 Dungeon Sprint DCSS version 0.32-a0-931-g5a2cda0630 (webtiles) character file.

Game seed: 7176778981654143240

79 Heh the Chopper (level 4, -4/40 HPs)
             Began as a Coglin Gladiator on Apr 13, 2024.
             Was a Follower of Beogh.
             Slain by Edmund
             ... wielding a +2 dire flail of protection
              (12 damage)
             ... in the Dungeon (Sprint VII: "The Pits").
             The game lasted 00:01:00 (245 turns).

Heh the Chopper (Coglin Gladiator)                   Turns: 245, Time: 00:01:00

Health: -4/40      AC:  4    Str: 15    XL:     4   Next: 38%
Magic:  4/4        EV: 11    Int:  7    God:    Beogh [*.....]
Gold:   0          SH:  0    Dex: 17    Spells: 3/3 levels left

rFire   . . .        a - +0 war axe {Mai}
rCold   . . .        m - +2 hand axe {Audrea}
rNeg    . . .        b - +0 leather armour
rPois   .            c - +0 helmet
rElec   .            (no cloak)
rCorr   .            (no gloves)
SInv    .            (no boots)
Will    .....        (amulet unavailable)
Stlth   +            (ring unavailable)
HPRegen 0.26/turn    (ring unavailable)
MPRegen 0.09/turn    (no gizmo)

%: no teleportation
@: revved
A: off-hand wielding, slow wielding, warmup strikes, no jewellery
a: Invent Gizmo, Renounce Religion


You were in the Dungeon.
You worshipped Beogh.
Beogh was aware of your devotion.
You visited 1 branch

Inventory:

Hand Weapons
 a - a +0 war axe (weapon) {Mai}
 f - a +0 dagger {Lin}
 m - a +2 hand axe (offhand) {Audrea}
Missiles
 d - a throwing net (quivered)
 e - a javelin
Armour
 b - a +0 leather armour (worn)
 c - a +0 helmet (worn)
Scrolls
 l - a scroll of blinking
 o - 2 scrolls of vulnerability
 p - 5 scrolls of amnesia
 q - a scroll of summoning
Potions
 g - a potion of curing
 h - a potion of heal wounds
 i - a potion of haste
 j - 4 potions of magic
 k - 3 potions of berserk rage
 n - 2 potions of invisibility


   Skills:
 + Level 6.1 Fighting
 + Level 6.5 Axes
 - Level 1.7 Throwing
 - Level 2.6 Dodging


You had 3 spell levels left.
You didn't know any spells.
Your spell library was empty.

Dungeon Overview and Level Annotations

Branches:
Dungeon (1/1)

Altars:
Ashenzari
Cheibriados
Dithmenos
Elyvilon
Fedhas
Gozag
Hepliaklqana
Kikubaaqudgha
Makhleb
Nemelex Xobeh
Okawaru
Qazlal
Ru
Sif Muna
Trog
Uskayaw
Vehumet
Wu Jian
Xom
Yredelemnul
Zin
The Shining One
Beogh
Jiyva
Lugonu

Annotations:
D Edmund


Innate Abilities, Weirdness & Mutations

You can wield a second weapon in your off-hand.
It takes a long time for you to wield or remove held weapons.
Your first few attacks do less damage.
You cannot equip rings or amulets.


Message History

Edmund is lightly wounded.
You hit Edmund with your +0 war axe.
Edmund struggles against the net.
You hit Edmund with your +2 hand axe.
Edmund is moderately wounded.
You catch the helpless Edmund completely off-guard!
You hit Edmund but do no damage.
Edmund struggles against the net.
You hit Edmund with your +2 hand axe.
Edmund is moderately wounded.
You catch the helpless Edmund completely off-guard!
You hit Edmund with your +0 war axe.
Edmund struggles against the net.
You catch the helpless Edmund completely off-guard!
You slash Edmund with your +2 hand axe!
Edmund is severely wounded.
You hit Edmund but do no damage.
Edmund struggles against the net.
The net rips apart, and Edmund comes free!
You closely miss Edmund with your +2 hand axe.
Edmund is severely wounded.
You hit Edmund but do no damage.
Edmund hits you with a +2 dire flail of protection!
Edmund hits you with a +2 dire flail of protection.
You barely miss Edmund with your +0 war axe.
Edmund is severely wounded.
You barely miss Edmund with your +2 hand axe.
Edmund barely misses you.
You barely miss Edmund with your +2 hand axe.
Edmund is severely wounded.
You hit Edmund with your +0 war axe.
Edmund hits you with a +2 dire flail of protection!
You barely miss Edmund with your +0 war axe.
Edmund is severely wounded.
You closely miss Edmund with your +2 hand axe.
Edmund hits you with a +2 dire flail of protection!
* * * LOW HITPOINT WARNING * * *
Throw: 2 throwing nets
Press: ? - help, Q - select action, (/) - cycle Shift-Dir - straight line, f/p - Edmund
Aim: Edmund, wielding a +2 dire flail of protection and wearing a +0 leather armour of willpower (severely wounded, 60% to hit)
You throw a throwing net. The throwing net barely misses Edmund.
Edmund hits you with a +2 dire flail of protection!
You die...
Edmund whines, "They better pay attention to me now!"

##########'##...........
#..(.')))'.##......#..#
##########.##..........
#..........)'...........
#+#####'#####......#..#.
#. #..)'.##...........
#s.#...#.#####'#####+
#..#####.##.......#
#..s...#@##.......#
#..'...@†##.......#
#..########...<...# #.
#.......# # #.......#
#.......# #########


You could see Edmund.

Vanquished Creatures
  A scorpion (D)
  2 gnolls (D)
  A ball python (D)
  A rat (D)
5 creatures vanquished.

Notes
Turn   | Place    | Note
-------+----------+-------------------------------------------
     0 | D        | Heh the Coglin Gladiator began the quest for the Orb.
     0 | D        | Reached XP level 1. HP: 16/16 MP: 1/1
    13 | D        | Reached XP level 2. HP: 20/24 MP: 2/2
    50 | D        | Found a bloodstained altar of Trog.
    50 | D        | Found a shimmering blue altar of Sif Muna.
    50 | D        | Found a viscous altar of Jiyva.
    50 | D        | Found a hazy altar of Hepliaklqana.
    50 | D        | Found an opulent altar of Gozag.
    51 | D        | Found a glowing golden altar of the Shining One.
    51 | D        | Found a glowing silver altar of Zin.
    51 | D        | Found a basalt altar of Yredelemnul.
    51 | D        | Found a shimmering altar of Xom.
    51 | D        | Found an ornate altar of the Wu Jian Council.
    51 | D        | Found a sacrificial altar of Ru.
    51 | D        | Found a stormy altar of Qazlal.
    51 | D        | Found an iron altar of Okawaru.
    51 | D        | Found a sparkling altar of Nemelex Xobeh.
    51 | D        | Found a burning altar of Makhleb.
    51 | D        | Found a blossoming altar of Fedhas.
    51 | D        | Found a white marble altar of Elyvilon.
    51 | D        | Found a shadowy altar of Dithmenos.
    51 | D        | Found a snail-covered altar of Cheibriados.
    53 | D        | Found a radiant altar of Vehumet.
    53 | D        | Found a corrupted altar of Lugonu.
    53 | D        | Found a roughly hewn altar of Beogh.
    54 | D        | Found a hide-covered altar of Uskayaw.
    54 | D        | Found an ancient bone altar of Kikubaaqudgha.
    54 | D        | Found a broken altar of Ashenzari.
    63 | D        | Became a worshipper of Beogh the Shepherd
   134 | D        | Noticed a scorpion
   135 | D        | Reached * piety under Beogh
   139 | D        | Killed a scorpion
   140 | D        | Reached XP level 3. HP: 24/34 MP: 3/3
   140 | D        | Reached XP level 4. HP: 29/40 MP: 4/4
   198 | D        | Noticed a scorpion
   198 | D        | Noticed Edmund
   198 | D        | Noticed a glass eye
   245 | D        | Slain by Edmund

Illustrated notes

Levels and vault maps discovered:
D:        pitsprint [storerooms_1, entrance_room_1, metal_vault_8, armoury_1,
          mini_pit_1, grid_room_1, main_hall_1, silver_pit, the_coven_2,
          the_vestibule_1, steel_vault_3, golden_pit, hallway_of_sentries,
          crystal_vault_4, iron_vault_1, final_vault]

Skill      XL: |  1  2 |
---------------+-------+-----
Fighting       | 3 6 |  6.1
Axes           | 4 6 |  6.5
Throwing       | |  1.7
Dodging        | |  2.6

Action                     |  1- 3 |  4- 6 || total
---------------------------+-------+-------++-------
  Melee: War axe           |     9 |     8 ||    17
         Dagger            |     3 |       ||     3
         Hand axe          |     6 |     8 ||    14
  Throw: Throwing net      |       |     2 ||     2
   Stab: Held in net/web   |       |     4 ||     4
 Armour: Leather armour    |    12 |     5 ||    17
  Dodge: Dodged            |     5 |     1 ||     6

Table legend: (Time is in decaauts)
 A = Elapsed time spent in this place.
 B = Non-inter-level travel time spent in this place.
 C = Inter-level travel time spent in this place.
 D = Time resting spent in this place.
 E = Time spent auto-exploring this place.
 F = Levels seen in this place.
 G = Mean time per level.
                   A        B        C        D        E       F      G
               +--------+--------+--------+--------+--------+-----+--------+
         Total |    247 |    247 |      0 |    125 |      0 |   1 |  247.0 |
       Dungeon |    247 |    247 |      0 |    125 |      0 |   1 |  247.0 |
               +--------+--------+--------+--------+--------+-----+--------+

Top non-repeatable levels by time:
       D: 247 daAuts
